Map: Arctic Flowers LE

Players

tenyearsago - Winner!

  • Race: Zerg Zerg
  • Spawn Location: 7:00

swagrat - Winner!

  • Race: Terran Terran
  • Spawn Location: 7:00

VOD

Have the link to the VOD?

Description

Just a game to test the replay upload, chriso

Time

  • Played on: June 20, 2025, 4:58 a.m.
  • Length: 21:02
Show
View Real Time Build Order
Export as new Build Order

tenyearsago Zerg - Winner!

Build Orders:  

Get SALT Encoding   

  12  0:11  Overlord  
  12  0:19  Drone  
  13  0:25  Drone  
  14  0:43  Drone x2  
  16  1:19  Drone x2  
  18  1:36  Hatchery  
  18  1:39  Spawning Pool  
  16  1:43  Drone  
  17  2:09  Extractor  
  16  2:10  Drone  
  16  2:11  Drone  
  18  2:22  Overlord  
  18  2:55  Hatchery  
  17  3:05  Extractor  
  17  3:06  Queen  
  17  3:07  Drone x3  
  21  3:33  Drone x2  
  21  3:36  Queen  
  25  3:41  Drone  
  26  3:54  Overlord  
  26  4:00  Drone  
  27  4:14  Queen  
  27  4:19  Drone  
  27  4:20  Drone  
  31  4:31  Drone x2  
  31  4:32  Drone  
  34  5:06  Roach Warren  
  33  5:11  Queen  
  33  5:13  Drone x2  
  33  5:14  Drone  
  38  5:23  Queen  
  40  5:55  Drone x4  
  40  5:56  Drone x2  
  46  6:13  Drone x3  
  49  6:21  Overlord  
  49  6:22  Overlord x2  
  49  7:18  Roach  
  49  7:19  Roach x6  
  63  7:44  Extractor  
  63  7:49  Extractor  
  61  7:51  Roach  
  61  7:52  Roach x5  
  61  7:56  Drone  
  74  8:00  Overlord x3  
  74  8:01  Overlord  
  74  8:25  Queen  
  70  8:52  Roach x3  
  70  8:53  Roach  
  78  9:09  Drone  
  79  10:00  Drone x4  
  79  10:01  Drone  
  79  10:09  Roach  
  86  10:10  Roach x5  
  96  10:27  Lair  
  96  11:07  Metabolic Boost  
  96  11:14  Roach  
  96  11:15  Roach x4  
  96  11:19  Overlord x6  
  69  11:20  Overlord  
  106  11:48  Hatchery  
  105  11:57  Roach x3  
  105  11:58  Roach x7  
  125  12:04  Glial Reconstitution  
  125  12:15  Hatchery  
  125  12:19  Queen  
  126  12:30  Hatchery  
  125  13:01  Drone x4  
  125  13:02  Drone x3  
  132  13:22  Infestation Pit  
  131  13:54  Tunneling Claws  
  131  14:08  Roach  
  131  14:09  Roach x5  
  143  14:14  Neural Parasite  
  143  14:23  Drone  
  143  14:24  Drone x5  
  149  14:31  Extractor  
  149  14:34  Extractor  
  147  14:42  Drone x3  
  147  14:43  Drone x6  
  154  15:19  Roach x4  
  158  15:24  Roach x4  
  158  15:25  Roach x7  
  180  15:30  Overlord  
  180  15:31  Overlord x7  
  180  15:56  Queen  
  180  15:59  Queen  
  184  16:40  Infestor  
  184  16:41  Swarm Host x2, Infestor x2  
  184  16:42  Swarm Host  
  199  17:17  Overlord  
  199  17:18  Overlord x3  
  199  20:12  Drone  
  200  20:56  Hatchery  
  200  20:57  Hatchery  
Show
View Real Time Build Order
Export as new Build Order

swagrat Terran - Winner!

Build Orders:  

Get SALT Encoding   

  12  0:01  SCV  
  13  0:36  Supply Depot  
  13  1:20  Barracks  
  13  1:48  Supply Depot  
  13  2:22  Supply Depot  
  13  2:28  Barracks, Orbital Command  
  13  2:53  Refinery  
  13  2:56  Marine  
  14  3:21  Marine  
  15  3:30  Refinery  
  15  3:34  SCV  
  15  3:36  Barracks  
  16  3:46  Marine  
  17  3:51  SCV  
  18  4:11  Marine  
  18  4:13  Marine  
  20  4:36  Marine  
  20  4:38  Marine  
  22  4:45  SCV  
  23  5:02  SCV  
  23  5:03  Marine  
  25  5:12  Barracks Tech Lab  
  25  5:18  Marine  
  25  5:19  SCV  
  27  5:28  Marine  
  28  5:43  Factory, Marine  
  29  5:53  Marine  
  30  6:08  Marine  
  31  6:11  Unknown  
  31  6:24  Marauder  
  33  6:32  Marine  
  34  6:46  Factory  
  34  6:54  Marauder  
  34  6:57  Marine  
  37  7:24  Marauder  
  39  7:31  Stimpack  
  39  7:32  Factory Tech Lab  
  39  9:05  Barracks Reactor  
  39  10:33  Command Center  
  39  11:24  Supply Depot  
  39  11:46  Factory Tech Lab  
  39  11:54  Marauder, Siege Tank  
  39  11:55  Supply Depot  
  44  12:24  Marauder  
  44  12:26  Supply Depot  
  46  12:33  Command Center  
  46  12:58  Supply Depot  
  46  13:17  Siege Tank  
  49  13:29  Supply Depot  
  49  13:49  SCV  
  50  14:02  Supply Depot, Siege Tank  
  50  14:06  SCV  
  54  14:10  Siege Tank  
  54  14:23  SCV  
  55  14:34  Supply Depot  
  55  14:40  SCV  
  55  14:47  Siege Tank  
  59  15:09  Supply Depot  
  59  15:32  Siege Tank  
  62  16:17  Armory, Siege Tank  
  65  16:42  Starport  
  65  17:11  Siege Tank  
  65  17:27  Armory  
  65  17:35  Starport  
  65  18:28  Starport  
  65  18:58  Siege Tank x5  
  65  19:21  Ghost Academy  
  65  20:02  Ghost Academy  
Tags
 
Add a new tag
Caveats
  • Supply blocks, unpowered buildings, or Contaminate may cause inaccurate times.
  • Supply counts are checked every 10 seconds.